 Dungeon Sprint DCSS version 0.31.0-12-g77e489cdc1 (webtiles) character file.

Game seed: 13775958678036188965

16272 boopmooplesden the Stickfighter (level 12, -4/190 HPs)
             Began as a Minotaur Gladiator on Feb 18, 2024.
             Was the Champion of Trog.
             Incinerated by a deep elf pyromancer (8 damage)
             ... with a pyre arrow
             ... in the Dungeon (Sprint VII: "The Pits").
             The game lasted 00:06:48 (2804 turns).

boopmooplesden the Stickfighter (MiGl)              Turns: 2804, Time: 00:06:48

Health: -4/190     AC: 18    Str: 23    XL:     12   Next: 8%
Magic:  11/11      EV: 18    Int:  5    God:    Trog [******]
Gold:   33         SH:  0    Dex: 13    Spells: 11/11 levels left

rFire   + . .        K - +3 lajatang (heavy)
rCold   . . .        (shield currently unavailable)
rNeg    . . .        t - +2 chain mail {rPois}
rPois   +            c - +0 hat
rElec   .            (no cloak)
rCorr   .            (no gloves)
SInv    .            F - +0 pair of boots
Will    .....        (no amulet) Stlth
                     C - ring of protection from fire
HPRegen 0.51/turn    u - +3 ring of evasion
MPRegen 0.12/turn

%: no teleportation
@: berserking, on fire, afraid, flayed, slowed, glowing
A: horns 2, retaliatory headbutt
a: Renounce Religion, Berserk, Trog's Hand, Brothers in Arms


You were in the Dungeon.
You worshipped Trog.
Trog was exalted by your worship.
You visited 1 branch You collected 33 gold pieces.

Inventory:

Hand Weapons
 a - a +0 quarterstaff
 l - a +2 quarterstaff
 r - a +2 quarterstaff of protection
 s - a +6 antimagic quarterstaff
 x - a +0 lajatang
 y - a +6 quarterstaff
 z - a +1 heavy lajatang
 A - the +2 quarterstaff "Worm's Wrath" {flame, Dex+4}
   (Trog gifted it to you in the Dungeon)

   Dex+4:     It affects your dexterity (+4).
 B - a +3 lajatang
 K - a +3 heavy lajatang (weapon)
Missiles
 d - 5 throwing nets (quivered)
 e - a javelin
Armour
 b - a +0 leather armour
 c - a +0 hat (worn)
 q - a +3 chain mail
 t - a +2 chain mail of poison resistance (worn)
 F - a +0 pair of boots (worn)
Jewellery
 u - a +3 ring of evasion (right hand)
 v - a +3 ring of protection
 C - a ring of protection from fire (left hand)
 E - a ring of poison resistance
Wands
 D - a wand of mindburst (5)
Scrolls
 k - 4 scrolls of blinking
 n - 3 scrolls of vulnerability
 o - 5 scrolls of amnesia
 p - a scroll of summoning
 G - a scroll of fear
 I - 4 scrolls of enchant weapon
 J - 2 scrolls of enchant armour
Potions
 f - 8 potions of curing
 g - 18 potions of heal wounds
 h - 3 potions of haste
 i - 4 potions of magic
 j - 6 potions of berserk rage
 m - 2 potions of invisibility
 w - 4 potions of mutation
 H - 2 potions of might


   Skills:
 + Level 18.2 Fighting
 + Level 20.3 Staves
 + Level 5.9 Throwing
 + Level 18.0 Armour
 + Level 14.3 Dodging
 + Level 4.3 Stealth


You had 11 spell levels left.
You didn't know any spells.
Your spell library was empty.

Dungeon Overview and Level Annotations

Branches:
Dungeon (1/1)

Altars:
Cheibriados
Dithmenos
Elyvilon
Fedhas
Gozag
Hepliaklqana
Makhleb
Nemelex Xobeh
Okawaru
Qazlal
Ru
Sif Muna
Trog
Vehumet
Wu Jian
Xom
Yredelemnul
Zin
The Shining One
Jiyva
Lugonu


Innate Abilities, Weirdness & Mutations

You have a pair of horns on your head.
You reflexively headbutt those who attack you in melee.


Message History

The deep elf pyromancer mumbles some strange words.
You slice the eidolon like a ripe choko!!!
You headbutt the eidolon!
The eidolon is almost destroyed.
The flayed ghost stares at you with tortured malice.
Terrible wounds spread across more of your body!
* * * LOW HITPOINT WARNING * * *
The eidolon misses you. The eidolon barely misses you.
The deep elf pyromancer gestures at you while chanting.
The bolt of fire misses you.
The mummy priest utters an invocation to its god.
Send 'em back where they came from!
Trog shields your ally from puny magic!
You closely miss the deep elf pyromancer.
The deep elf pyromancer is severely wounded.
The eidolon hits you!!
* * * LOW HITPOINT WARNING * * *
The eidolon drains your vigour!
You feel as though you will be slow longer.
The eidolon barely misses you.
The deep elf pyromancer points at you and mumbles some strange words.
The pyre arrow hits you.
You are covered in intense liquid fire!
Unknown command.
You shake off some of the fire as you move.
The liquid fire burns you!
* * * LOW HITPOINT WARNING * * *
The flayed ghost stares at you with tortured malice.
The flayed ghost hits you but does no damage.
The eidolon gestures.
The eidolon radiates an aura of fear!
The deep elf pyromancer casts a spell.
Send 'em back where they came from!
Trog shields your ally from puny magic!
Your stone giant barely misses the deep elf pyromancer.
You are too berserk!
Unknown command.
You closely miss the flayed ghost. The liquid fire burns you!
You die...

#..#....#..#
+..........#
+..........#
#..#....#..#
#..........+
#..........+
###''####''#
###''####''########
#.@....##..........
#W#C##.##..........
#)#WeE.##..########
#.'.W#.##..# #.#)=+
##..#
##++###########.+:/#
#..#
.........##..##.##+#
#..#
..#......##..##..
#..#
.........''..####
#.)#


You could see an eidolon (scary), 2 flayed ghosts, a deep elf pyromancer (ally
target), a fire elemental (summoned) and a friendly stone giant (summoned,
berserk).

Vanquished Creatures
  A deep elf sorcerer (D)
  An emperor scorpion (D)
  2 hydras (D)
  Harold (D)
  A great orb of eyes (D)
  A death knight (D)
  A death yak (D)
  A spriggan (D)
  A flayed ghost (D)
  A bog body (D)
  A wolf spider (D)
  A manticore (D)
  An orc sorcerer (D)
  A merfolk siren (D)
  A black mamba (D)
  A rime drake (D)
  2 kobold demonologists (D)
  An ice devil (D)
  2 freezing wraiths (D)
  A yaktaur (shapeshifter) (D)
  An efreet (D)
  A snapping turtle (D)
  A tyrant leech (D)
  A hornet (D)
  A glass eye (D)
  A shadow (D)
  A ynoxinul (D)
  5 yaks (D)
  A fire elemental (D)
  2 basilisks (D)
  A fire bat (D)
  A wraith (D)
  2 redbacks (D)
  2 wargs (D)
  2 chaos spawn (D)
  A small abomination (D)
  2 acid dragons (D)
  Duvessa (D)
  2 water moccasins (D)
  An ogre (D)
  A wolf (D)
  A black bear (D)
  2 kobold brigands (D)
  A brain worm (D)
  A necrophage (D)
  3 wights (D)
  Dowan (D)
  A quasit (D)
  A hound (D)
  An iron imp (D)
  2 orc wizards (D)
  A hell rat (D)
  A mummy (D)
  A gnoll (D)
  2 river rats (D)
  An ufetubus (D)
  A ribbon worm (D)
  An orc (D)
  An endoplasm (D)
  A giant cockroach (D)
  2 jackals (D)
  2 quokkas (D)
  A ball python (D)
  2 bats (D)
  5 kobolds (D)
90 creatures vanquished.

Vanquished Creatures (collateral kills)
  A sphinx (D)
  An emperor scorpion (D)
  A giant cockroach simulacrum (D)
3 creatures vanquished.

Grand Total: 93 creatures vanquished

Notes
Turn   | Place    | Note
-------+----------+-------------------------------------------
     0 | D        | boopmooplesden the Minotaur Gladiator began the quest for
                  | the Orb.
     0 | D        | Reached XP level 1. HP: 18/18 MP: 0/0
    13 | D        | Reached skill level 4 in Staves
    13 | D        | Reached XP level 2. HP: 25/25 MP: 1/1
    39 | D        | Found a bloodstained altar of Trog.
    39 | D        | Found a shimmering blue altar of Sif Muna.
    39 | D        | Found a viscous altar of Jiyva.
    39 | D        | Found a hazy altar of Hepliaklqana.
    39 | D        | Found an opulent altar of Gozag.
    40 | D        | Found a glowing golden altar of the Shining One.
    40 | D        | Found a glowing silver altar of Zin.
    40 | D        | Found a basalt altar of Yredelemnul.
    40 | D        | Found a shimmering altar of Xom.
    40 | D        | Found an ornate altar of the Wu Jian Council.
    40 | D        | Found a sacrificial altar of Ru.
    40 | D        | Found a stormy altar of Qazlal.
    40 | D        | Found an iron altar of Okawaru.
    40 | D        | Found a sparkling altar of Nemelex Xobeh.
    40 | D        | Found a burning altar of Makhleb.
    40 | D        | Found a blossoming altar of Fedhas.
    40 | D        | Found a white marble altar of Elyvilon.
    40 | D        | Found a shadowy altar of Dithmenos.
    40 | D        | Found a snail-covered altar of Cheibriados.
    42 | D        | Found a corrupted altar of Lugonu.
    42 | D        | Found a radiant altar of Vehumet.
    43 | D        | Became a worshipper of Trog the Wrathful
    55 | D        | Reached skill level 5 in Staves
    60 | D        | Reached * piety under Trog
   176 | D        | Noticed a glass eye
   177 | D        | Noticed a water moccasin
   192 | D        | Killed a water moccasin
   193 | D        | Reached skill level 7 in Staves
   193 | D        | Reached skill level 1 in Armour
   193 | D        | Reached XP level 3. HP: 34/34 MP: 2/2
   193 | D        | Reached XP level 4. HP: 41/41 MP: 3/3
   193 | D        | Reached ** piety under Trog
   199 | D        | Killed a glass eye
   200 | D        | Reached skill level 5 in Fighting
   200 | D        | Reached skill level 10 in Staves
   200 | D        | Reached XP level 5. HP: 49/49 MP: 4/4
   200 | D        | Reached XP level 6. HP: 56/56 MP: 5/5
   271 | D        | Noticed a water moccasin
   282 | D        | Reached *** piety under Trog
   291 | D        | Reached skill level 11 in Staves
   295 | D        | Reached skill level 10 in Dodging
   299 | D        | Killed a water moccasin
   300 | D        | Reached skill level 12 in Staves
   300 | D        | Reached XP level 7. HP: 61/64 MP: 6/6
   302 | D        | Reached **** piety under Trog
   312 | D        | Reached skill level 5 in Throwing
   353 | D        | Noticed an ice devil
   362 | D        | Killed an ice devil
   362 | D        | Reached ***** piety under Trog
   363 | D        | Reached skill level 13 in Staves
   363 | D        | Reached skill level 5 in Armour
   455 | D        | Noticed Duvessa
   455 | D        | Noticed Dowan
   463 | D        | Killed Duvessa
   464 | D        | Reached XP level 8. HP: 74/74 MP: 7/7
   465 | D        | Killed Dowan
   470 | D        | Reached skill level 14 in Staves
   498 | D        | Noticed Harold
   521 | D        | Killed Harold
   521 | D        | Received a gift from Trog
   522 | D        | Reached skill level 15 in Staves
   522 | D        | Reached skill level 1 in Stealth
   542 | D        | Reached XP level 9. HP: 73/84 MP: 2/8
   620 | D        | Noticed an efreet
   622 | D        | Noticed a wolf spider
   625 | D        | Killed a wolf spider
   626 | D        | Reached skill level 16 in Staves
   629 | D        | Killed an efreet
   630 | D        | Reached skill level 10 in Fighting
   633 | D        | Reached ****** piety under Trog
   727 | D        | Noticed a kobold demonologist
   732 | D        | Reached skill level 17 in Staves
   734 | D        | Noticed a freezing wraith
   740 | D        | Killed a kobold demonologist
   740 | D        | Received a gift from Trog
   748 | D        | Killed a freezing wraith
   768 | D        | Received a gift from Trog
   769 | D        | Reached skill level 10 in Armour
   813 | D        | Reached XP level 10. HP: 42/96 MP: 3/9
   995 | D        | Reached skill level 18 in Staves
  1134 | D        | Noticed a manticore
  1136 | D        | Noticed a four-headed hydra
  1146 | D        | Killed a manticore
  1146 | D        | Received a gift from Trog
  1150 | D        | Killed a four-headed hydra
  1350 | D        | Noticed a death yak
  1364 | D        | Killed a death yak
  1366 | D        | Identified the +2 quarterstaff "Worm's Wrath" {flame,
                  | Dex+4} (Trog gifted it to you in the Dungeon)
  1366 | D        | Received a gift from Trog
  1685 | D        | Noticed a merfolk siren
  1705 | D        | Killed a merfolk siren
  1708 | D        | Noticed an emperor scorpion
  1724 | D        | Killed an emperor scorpion
  1725 | D        | Reached XP level 11. HP: 111/111 MP: 3/10
  1772 | D        | Received a gift from Trog
  1775 | D        | Noticed a bog body
  1784 | D        | Reached skill level 15 in Fighting
  1793 | D        | Killed a bog body
  1794 | D        | Reached skill level 19 in Staves
  1794 | D        | Reached skill level 15 in Armour
  1938 | D        | Noticed a spriggan rider
  1938 | D        | Noticed a six-headed hydra
  1944 | D        | Received a gift from Trog
  1947 | D        | Killed a spriggan rider
  1957 | D        | Killed a six-headed hydra
  1960 | D        | Received a gift from Trog
  2210 | D        | Noticed a flayed ghost
  2215 | D        | Killed a flayed ghost
  2225 | D        | Noticed a death knight
  2233 | D        | Killed a death knight
  2483 | D        | Noticed an orc sorcerer
  2485 | D        | Noticed a soul eater
  2490 | D        | Killed an orc sorcerer
  2526 | D        | Received a gift from Trog
  2530 | D        | Reached skill level 20 in Staves
  2785 | D        | Noticed an eidolon
  2785 | D        | Noticed a mummy priest
  2785 | D        | Noticed a sphinx
  2785 | D        | Noticed a deep elf sorcerer
  2785 | D        | Noticed an emperor scorpion
  2786 | D        | Noticed a deep elf pyromancer
  2786 | D        | Noticed a great orb of eyes
  2786 | D        | Killed a sphinx
  2789 | D        | Killed an emperor scorpion
  2790 | D        | Reached XP level 12. HP: 86/127 MP: 11/11
  2791 | D        | Killed a deep elf sorcerer
  2791 | D        | Received a gift from Trog
  2797 | D        | Killed a great orb of eyes
  2802 | D        | HP: 7/190 [eidolon (18)]
  2803 | D        | HP: 3/190 [burnt (4)]
  2804 | D        | Incinerated by a deep elf pyromancer

Illustrated notes

Levels and vault maps discovered:
D:        pitsprint [storerooms_1, entrance_room_1, metal_vault_7, armoury_2,
          mini_pit_1, grid_room_1, main_hall_1, silver_pit, the_coven_2,
          the_vestibule_1, steel_vault_5, golden_pit, hallway_of_sentries,
          crystal_vault_5, iron_vault_2, final_vault]

Skill      XL: |  1  2  3  4  5  6  7  8  9 10 11 12 |
---------------+-------------------------------------+-----
Staves         | 4 7 10 12 13 15 17 18 20 | 20.3
Dodging        | 4 7 9 10 11 12 13 14 | 14.3
Fighting       | 4 5 6 8 9 11 14 18 | 18.2
Throwing       | 3 4 5 |  5.9
Armour         | 1 3 4 5 7 10 14 17 18 | 18.0
Stealth        | 1 3 4 |  4.3

Action                     |  1- 3 |  4- 6 |  7- 9 | 10-12 || total
---------------------------+-------+-------+-------+-------++-------
  Melee: Quarterstaff      |    18 |    25 |   102 |   116 ||   261
         Headbutt          |     2 |     2 |    17 |    38 ||    59
         Lajatang          |       |       |       |    29 ||    29
  Throw: Throwing net      |       |       |     1 |       ||     1
 Invoke: Berserk           |     1 |     1 |     3 |     8 ||    13
         Brothers in Arms  |       |       |       |     2 ||     2
         Trog's Hand       |       |       |       |     1 ||     1
    Use: Potion            |       |       |       |     2 ||     2
   Stab: Held in net/web   |       |       |     2 |       ||     2
 Armour: Leather armour    |    10 |       |       |       ||    10
         Chain mail        |       |     7 |    89 |   101 ||   197
  Dodge: Dodged            |    27 |     5 |    92 |    95 ||   219
